 Dungeon Crawl Stone Soup version 0.20-a0-61-ga1b20b4 (webtiles) character file.

232 KristoblXynda the Shield-Bearer (level 5, -14/46 HPs)
             Began as a Deep Dwarf Fighter on Nov 17, 2016.
             Demolished by an ogre
             ... wielding a +0 giant club
              (21 damage)
             ... on level 4 of the Dungeon.
             The game lasted 00:04:27 (2314 turns).

KristoblXynda the Shield-Bearer (DDFi)              Turns: 2314, Time: 00:04:28

Health: -14/46     AC:  8    Str: 19    XL:     5   Next: 73%
Magic:  5/5        EV:  7    Int: 10    God:
Gold:   201        SH: 10    Dex: 12    Spells: 0 memorised, 4 levels left

rFire  . . .     SeeInvis .     a - +0 war axe
rCold  . . .     Gourm    .     b - +0 scale mail
rNeg   . . .     Faith    .     c - +0 shield
rPois  .         Spirit   .     i - +0 helmet
rElec  .         Reflect  .     (no cloak)
rCorr  .         Harm     .     (no gloves)
MR     .....                    (no boots)
Stlth  ..........               y - amulet of magic regeneration
                                (no ring)
                                (no ring)

@: non-regenerating
A: damage resistance, recharge devices, sense surroundings 1, slow regeneration
3
a: Device Recharging


You were on level 4 of the Dungeon.
You were not hungry.

You visited 1 branch of the dungeon, and saw 4 of its levels.

You collected 201 gold pieces.

Inventory:

Hand Weapons
 a - a +0 war axe (weapon)
Missiles
 s - 2 javelins (quivered)
Armour
 b - a +0 scale mail (worn)
 c - a +0 shield (worn)
 i - a +0 helmet (worn)
 k - a +0 plate armour
Jewellery
 y - an amulet of magic regeneration (around neck)
Wands
 e - a wand of heal wounds (4/9)
 u - a wand of teleportation (6/9)
Scrolls
 h - 2 scrolls of teleportation {unknown}
 o - 3 scrolls of identify {unknown}
 q - a scroll of blinking {unknown}
 v - a scroll of fear {unknown}
 w - a scroll of amnesia {unknown}
 z - a scroll of enchant weapon {unknown}
 A - 2 scrolls of remove curse
 C - a scroll of noise {unknown}
Potions
 d - a potion of might
 g - a potion of flight {unknown}
 j - 4 potions of curing {unknown}
 l - a potion of resistance {unknown}
 m - a potion of heal wounds {unknown}
 n - a potion of ambrosia {unknown}
 t - a potion of cure mutation {unknown}
 B - a potion of degeneration {unknown}
Comestibles
 f - 2 bread rations
 p - 2 slices of pizza
 r - 2 meat rations
 x - 5 fruits


   Skills:
 - Level 2.6 Fighting
 + Level 4.1 Axes
 + Level 4.9 Armour
 + Level 5.0 Shields


You had 4 spell levels left.
You didn't know any spells.

Dungeon Overview and Level Annotations

Branches:
Dungeon (4/15)
 Temple: D:4-7

Altars:
Dithmenos


Innate Abilities, Weirdness & Mutations

You are resistant to damage.
You can recharge devices by infusing magical energy.
You passively map a small area around you.
You do not regenerate.


Message History

You now have 201 gold pieces (gained 7).
An ogre comes into view. It is wielding a giant club.
The ogre shouts!
An ogre is nearby!
You block the ogre's attack.
You slash the ogre!
The ogre is moderately wounded.
The ogre hits you with a giant club!
* * * LOW HITPOINT WARNING * * *
You hit the ogre but do no damage.
The ogre is moderately wounded.
You block the ogre's attack.
You slash the ogre!
The ogre is severely wounded.
The ogre hits you with a giant club.
* * * LOW HITPOINT WARNING * * *
You hit the ogre but do no damage.
The ogre is severely wounded.
The ogre hits you with a giant club!!
You die...

* ,, ,.. .# ..
##.## .#*... ,
......#* .#....,
........###.#....,
.........#.%....* ,
..............# , ,
...[......O..[####
, ,,
,.........#@.......
*
..............###.
* ,, ,
..............##,
..................
*,,
#.........#.##... *
...#..............
, ,
..........##....##
* ####......#*....#
#.....<# ..##


You could see an ogre.

Vanquished Creatures
  Jessica (D:2)
  Natasha (twice) (D:2)
  Robin (D:3)
  6 adders
  A worm (D:2)
  4 dart slugs
  3 leopard geckos (D:1)
  An orc (D:3)
  5 bats
  2 giant cockroaches
  12 goblins
  9 hobgoblins
  12 jackals
  4 kobolds
  2 frilled lizards
  10 rats
75 creatures vanquished.

Notes
Turn   | Place    | Note
-------+----------+-------------------------------------------
     0 | D:1      | KristoblXynda the Deep Dwarf Fighter began the quest for the Orb.
     0 | D:1      | Reached XP level 1. HP: 20/20 MP: 1/1
   111 | D:1      | Reached XP level 2. HP: 17/27 MP: 2/2
   680 | D:2      | Reached XP level 3. HP: 16/33 MP: 3/3
   833 | D:2      | Noticed Jessica
   841 | D:2      | Killed Jessica
   841 | D:2      | Reached skill level 4 in Shields
   968 | D:2      | Reached XP level 4. HP: 15/40 MP: 4/4
  1211 | D:2      | Noticed Natasha
  1226 | D:2      | Killed Natasha
  1516 | D:2      | Noticed Natasha
  1523 | D:2      | Killed Natasha
  1523 | D:2      | Reached XP level 5. HP: 34/46 MP: 5/5
  1645 | D:3      | Noticed Robin
  1670 | D:3      | Killed Robin
  1787 | D:3      | Found a shadowy altar of Dithmenos.
  2052 | D:3      | Reached skill level 5 in Shields
  2307 | D:4      | Noticed an ogre
  2314 | D:4      | Demolished by an ogre

Vault maps used:
D:1:      lightli_arrival_windingriver
D:2:      eino_curves_01, uniq_natasha, uniq_jessica
D:3:      nicolae_dithmenos_shadow_blocks, uniq_robin
D:4:      first_bread

Skill      XL: |  1  2  3  4  5 |
---------------+----------------+-----
Axes           | 3 4 |  4.1
Armour         | 4 |  4.9
Shields        | 4 5 |  5.0
Fighting       | |  2.6

Action                   |  1- 3 |  4- 6 || total
-------------------------+-------+-------++-------
Melee: War axe           |    84 |   154 ||   238
Evoke: Wand              |       |     1 ||     1
  Use: Scroll            |       |     1 ||     1
  Eat: Chunk             |       |     5 ||     5
Armor: Scale mail        |    39 |    86 ||   125
Dodge: Dodged            |    30 |    50 ||    80
Block: Shield            |    54 |   110 ||   164
